 Dungeon Crawl Stone Soup version 0.17-a0-1394-gde347b4 (webtiles) character file.

2790623 Eglamore the Invulnerable (level 27, 199/199 HPs)
             Began as a Gargoyle Berserker on June 15, 2015.
             Was the Champion of Trog.
             Escaped with the Orb
             ... and 5 runes on June 17, 2015!
             The game lasted 06:31:14 (91627 turns).

Eglamore the Invulnerable (Gargoyle Berserker)     Turns: 91627, Time: 06:31:14

Health: 199/199    AC: 77    Str: 34    XL:     27
Magic:  36/36      EV:  9    Int: 15    God:    Trog [******]
Gold:   11859      SH: 29    Dex: 12    Spells: 0 memorised, 26 levels left

rFire  + . .     SeeInvis +     A - +8 demon whip of Execution {freeze, rC+ Int+4 SInv}
rCold  + + +     Clarity  .     u - +12 gold dragon armour
rNeg   + + .     SustAt   +     y - +1 large shield {rC+}
rPois  ∞         Gourm    .     v - +3 crown of Dyrovepreva {rElec Int+2 SInv}
rElec  +         Spirit   .     K - +4 cloak of the Evening {rN+ MR++}
rCorr  .         Warding  .     J - +3 pair of gauntlets of War {Slay+5}
rMut   +         Stasis   .     U - +1 pair of boots {run}
MR     ++++.                    C - amulet of Tangimo {rMut rF- Slay+3 SInv Stlth+}
Stlth  ..........               L - ring of Wafoxkif {rF+ Str+4}
                                Y - ring of sustain attributes

@: flying, very slightly contaminated, quick, incredibly resistant to hostile
enchantments, extremely unstealthy
A: big wings, negative energy resistance 1, electricity resistance, unbreathing,
petrification resistance, no device heal 1, rot immunity, MP-powered wands, AC
+20
a: Stop Flying, Burn Spellbooks, Berserk, Trog's Hand, Brothers in Arms,
Renounce Religion
0: Orb of Zot
}: 5/15 runes: decaying, slimy, silver, golden, gossamer


You escaped.
You worshipped Trog.
Trog was exalted by your worship.
You were not hungry.

You visited 14 branches of the dungeon, and saw 69 of its levels.
You visited the Abyss 2 times.
You also visited: Labyrinth, Trove, Volcano and Wizlab.

You collected 12907 gold pieces.
You spent 1048 gold pieces at shops.

Inventory:

Hand weapons
 k - the +6 flail of Jodaoloe {flame, +Inv rPois Str+2 SInv}
   (Trog gifted it to you on level 5 of the Realm of Zot)

   It has been specially enchanted to burn those struck by it, causing extra
   injury to most foes and up to half again as much damage against particularly
   susceptible opponents.
   It affects your strength (+2).
   It protects you from poison.
   It lets you see invisible.
   It lets you turn invisible.
 A - the +8 demon whip of Execution (weapon) {freeze, rC+ Int+4 SInv}
   (Trog gifted it to you on level 3 of the Swamp)

   It has been specially enchanted to freeze those struck by it, causing extra
   injury to most foes and up to half again as much damage against particularly
   susceptible opponents.
   It can also slow down cold-blooded creatures.
   It affects your intelligence (+4).
   It protects you from cold.
   It lets you see invisible.
 H - the +11 flail of Prudence {antimagic, +Blink Stlth+}
   (Trog gifted it to you on level 4 of the Vaults)

   It disrupts the flow of magical energy around spellcasters and certain
   magical creatures (including the wielder).
   It lets you blink.
   It makes you more stealthy.
Armour
 u - a +12 gold dragon armour (worn)
 v - the +3 crown of Dyrovepreva (worn) {rElec Int+2 SInv}
   (You found it on level 3 of the Tomb of the Ancients)

   It affects your intelligence (+2).
   It insulates you from electricity.
   It lets you see invisible.
 y - a +1 large shield of cold resistance (worn)
 J - the +3 pair of gauntlets of War (worn) {Slay+5}
   (You found it on level 13 of the Dungeon)

   It affects your accuracy and damage with ranged weapons and melee attacks
   (+5).
 K - the +4 cloak of the Evening (worn) {rN+ MR++}
   (You found it on level 7 of the Dungeon)

   It protects you from negative energy.
   It affects your resistance to hostile enchantments.
 U - a +1 pair of boots of running (worn)
Rods
 i - a +9 rod of shadows (1/15)
   (You acquired it on level 2 of the Depths)
 s - a +9 rod of shadows (2/17)
   (You found it on level 4 of the Depths)
 G - a +9 lightning rod (17/17)
   (You found it on level 3 of the Crypt)
 V - a +4 iron rod (11/11)
   (You found it on level 5 of the Vaults)
Jewellery
 d - an uncursed amulet of resist corrosion
 g - the amulet "Zerel" {Clar MR+}
   (You took it off a deep elf priest on level 3 of the Elven Halls)

   [amulet of clarity]

   It provides mental clarity.
   It affects your resistance to hostile enchantments.
 z - the ring of Piynt {AC+3 Slay+2}
   (You found it on level 3 of the Tomb of the Ancients)

   [ring of protection]

   It affects your AC (+3).
   It affects your accuracy and damage with ranged weapons and melee attacks
   (+2).
 C - the amulet of Tangimo (around neck) {rMut rF- Slay+3 SInv Stlth+}
   (You found it in a treasure trove)

   [amulet of resist mutation]

   It protects you from mutation.
   It affects your accuracy and damage with ranged weapons and melee attacks
   (+3).
   It makes you vulnerable to fire.
   It lets you see invisible.
   It makes you more stealthy.
 L - the ring of Wafoxkif (right hand) {rF+ Str+4}
   (You found it on level 8 of the Dungeon)

   [ring of protection from fire]

   It affects your strength (+4).
   It protects you from fire.
 X - the brooch of Shielding {Ward rN+ AC+4 EV+4}
   (You found it on level 3 of the Tomb of the Ancients)

   [amulet of warding]

   It may prevent the melee attacks of summoned creatures.
   It affects your AC (+4).
   It affects your evasion (+4).
   It protects you from negative energy.
 Y - a ring of sustain attributes (left hand)
Magical devices
 e - a wand of digging (0)
 h - a wand of teleportation (3)
 t - a wand of digging (8)
 O - a wand of hasting (6)
Scrolls
 l - 13 scrolls of teleportation
 m - 10 scrolls of identify
 o - a scroll of recharging
 q - 8 scrolls of magic mapping
 w - a scroll of fear
 D - 31 scrolls of remove curse
 N - a scroll of blinking
Potions
 b - 2 potions of cure mutation
 f - 9 potions of might
 n - 23 potions of curing
 r - a potion of magic
 B - 6 potions of haste
 T - 4 potions of resistance
Comestibles
 a - a meat ration
 c - 16 bread rations


   Skills:
 O Level 27 Fighting
 + Level 24.0 Maces & Flails
 O Level 27 Armour
 - Level 2.0 Dodging
 O Level 27 Shields
 + Level 19.7 Evocations


You had 26 spell levels left.
You didn't know any spells.

Dungeon Overview and Level Annotations

Branches:
Dungeon (15/15)            Temple (0/1) D:7            Lair (8/8) D:10
  Swamp (4/4) Lair:3       Spider (4/4) Lair:4        Slime (6/6) Lair:8
    Orc (4/4) D:11            Elf (3/3) Orc:3        Vaults (5/5) D:13
  Crypt (3/3) Vaults:3       Tomb (3/3) Crypt:3      Depths (5/5) D:15
   Hell (1/1)                 Dis (0/7) Hell            Geh (3/7) Hell
    Coc (0/7) Hell            Tar (0/7) Hell            Zot (5/5) Depths:5

Altars:
Ashenzari
Cheibriados
Dithmenos
Elyvilon
Fedhas
Trog
Vehumet
Xom
Yredelemnul
Zin
Beogh

Shops:
D:9 ((   Orc:2 %   Orc:3 (   Orc:4 [:*(   Elf:1 (   Elf:3 :   Vaults:4 (?}[(
Vaults:5 *   Depths:4 (

Portals:
Hell: Depths:1 Depths:2 Depths:3 Depths:4 Depths:5
Abyss: Depths:4 Depths:5
Pandemonium: Depths:3
Ziggurat: Depths:3

Annotations:
Vaults:4 rods


Innate Abilities, Weirdness & Mutations

You are resistant to torment.
Your stone body is resilient (AC +20).
You are immune to poison.
Your large and strong wings let you fly indefinitely.
You resist negative energy.
You are resistant to electric shocks.
You can survive without breathing.
You are immune to petrification.
You are immune to rotting.
Potions and wands are less effective at restoring your health.
You expend magic power (3 MP) to strengthen your wands.


Message History

Wisps of shadow whirl around you...
The rod doesn't have enough magic points.
Wear which item? (? for menu, Esc to quit)
Okay, then.
Wield which item (- for none, * to show all)? (? for menu, Esc to quit)
s - a +9 rod of shadows (17/17) (weapon)
Wisps of shadow whirl around you... Wisps of shadow whirl around you...
Your yaktaur captain dissolves into shadows!
Your yaktaur dissolves into shadows! x2
Wisps of shadow whirl around you...
Your purple very ugly thing dissolves into shadows!
The rod doesn't have enough magic points.
Wield which item (- for none, * to show all)? (? for menu, Esc to quit)
Okay, then.
Wield which item (- for none, * to show all)? (? for menu, Esc to quit)
It glows with a cold blue light!
A - the +8 demon whip of Execution (weapon)
{freeze, rC+ Int+4 SInv} Your yaktaur captain says, "I will never run around and desert you."
You have escaped!

..####..#####≈≈§≈≈≈≈#####..###...
#.###.### #≈≈≈...g.≈≈§# ###.##...
#.##.## #....((.....# ##.##..
#.##.# ######'###### #.##.#
#.##.##### ####8(8#### ######.#(#
..#.##...###.........###..≈##.#.#
#.#.#....##...........##..≈§#.#.#
..#.#....#......cC.(..(#...§#.#.#
#.#.'..........c@cD(..8(...≈'...#
..#.#....#.....ccc....##((.≈#.#.#
#.#.#....##...........##(.≈≈#.#..
#.#.##...###.........###..≈##.#.#
#.##.##### ###8#8'8### #####.##.#
#.##.# ######'###### #.##.#
#.##.## #.).........# ##.##..
#..##.### #≈≈≈.....§≈≈# ###.##..#
##..##..#####§≈≈§≈§§#####..##..##


You could see a goblin, a friendly ice dragon, a friendly stone giant, 2
friendly yaktaur captains and 4 friendly yaktaurs.

Vanquished Creatures
  Dissolution (Slime:6)
  Khufu (Tomb:1)
  3 orbs of fire (Zot:5)
  Mennas (Vaults:5)
  11 ancient liches
  40 greater mummies
  Sojobo (Vaults:4)
  Boris (Tomb:1)
  Frederick (Crypt:1)
  the Lernaean hydra (Swamp:4)
  Saint Roka (Depths:3)
  3 Killer Klowns (Zot:5)
  2 curse toes
  A caustic shrike (Depths:4)
  Geryon (Hell)
  7 golden dragons
  A profane servitor (Crypt:3)
  Jory (Vaults:3)
  the Enchantress (Depths:3)
  3 bone dragons
  A Hellbinder (WizLab)
  3 electric golems
  13 liches
  Jorgrun (Tomb:2)
  A hellephant (Hell)
  20 tentacled monstrosities
  25 Orb Guardians (Zot:5)
  8 titans
  2 deep elf blademasters (Elf:3)
  2 quicksilver dragons (Depths:4)
  2 deep elf master archers (Elf:3)
  8 tentacled starspawn (Abyss:1)
  10 acid blobs
  8 sphinxes
  An eldritch tentacle (Vaults:4)
  An Executioner (Depths:2)
  Frances (Spider:1)
  6 ancient champions
  A thorn hunter (Swamp:3)
  13 storm dragons
  A sphinx (shapeshifter) (Vaults:4)
  7 shadow dragons
  A draconian monk (Zot:4)
  3 revenants
  5 tengu reavers
  10 frost giants
  10 deep elf sorcerers
  10 fire giants
  3 iron dragons (Vaults:5)
  10 azure jellies
  Maud (D:13)
  4 ghost moths (Spider:4)
  2 draconian knights
  An orc warlord (Abyss:1)
  4 cacodemons
  A draconian scorcher (Zot:2)
  Aizul (Depths:3)
  Louise (Swamp:2)
  7 emperor scorpions (Spider:4)
  16 vault wardens
  3 curse skulls
  3 draconian zealots
  4 balrugs
  19 stone giants
  14 ghouls
  3 spriggan defenders (Depths:3)
  8 ironheart preservers
  An angel (Abyss:1)
  5 reapers (Hell)
  3 draconian annihilators
  A caustic shrike skeleton (Depths:3)
  3 war gargoyles
  7 vampire knights
  4 salamander firebrands
  18 very ugly things
  2 draconian callers
  5 green draconians (Zot:1)
  12 deep elf annihilators
  6 deep elf demonologists (Elf:3)
  4 black draconians
  8 bennus
  6 red draconians
  9 mottled draconians
  5 purple draconians
  7 yellow draconians
  20 ettins
  5 white draconians
  17 fire dragons
  5 death oozes
  14 eidola
  9 deep elf death magi
  18 yaktaur captains
  3 blizzard demons
  2 green deaths
  22 mummy priests
  2 quicksilver dragon zombies
  41 vault guards
  12 jiangshi
  The ghost of XuaXua the Martial Artist, a powerful OpTm of Cheibriados (Lair:3)
  10 death cobs
  13 great orbs of eyes
  A deep elf high priest (Elf:2)
  7 entropy weavers
  26 hydras
  A naga warrior (Abyss:1)
  A ghost crab (Swamp:2)
  A catoblepas (D:15)
  A hell beast (WizLab)
  4 rakshasas
  14 ice dragons
  10 ogre magi
  4 death knights
  7 salamander stormcallers
  6 spriggan air magi
  Erolcha (D:13)
  15 centaur warriors
  14 dancing weapons (Elf:2)
  13 alligators
  7 deep troll shamans
  7 tengu warriors
  8 deep troll earth magi
  2 death yaks (Lair:8)
  7 vampire magi
  2 spriggan berserkers
  5 hell hogs
  2 orc high priests (Orc:4)
  12 sun demons
  7 soul eaters
  Sonja (D:15)
  3 thrashing horrors (Abyss:1)
  Nergalle (Lair:3)
  4 iron golems (Hell)
  18 death scarabs
  8 iron trolls
  A titan skeleton (Depths:3)
  16 hell knights
  A salamander mystic (Geh:2)
  A wretched star (Abyss:1)
  53 skeletal warriors
  20 deep elf knights
  7 wizards
  A golden dragon zombie (D:15)
  2 giant orange brains
  5 ice devils
  A fire crab (Vaults:4)
  16 deep trolls
  2 storm dragon skeletons (Depths:3)
  A kraken simulacrum (Hell)
  9 shadow wraiths
  8 unseen horrors
  5 flayed ghosts
  A ghost moth zombie (Crypt:3)
  2 anaconda zombies
  A deep troll (shapeshifter) (Vaults:4)
  5 spriggan druids
  2 fire crabs (shapeshifter)
  4 shadow dragon zombies
  28 anubis guards
  8 deep elf summoners
  2 ice statues (Hell)
  A harpy (shapeshifter) (Depths:4)
  2 anaconda skeletons
  5 shambling mangroves
  A sphinx zombie (Depths:2)
  8 hill giants
  8 swamp dragons
  23 phantasmal warriors
  A frost giant zombie (Vaults:1)
  22 orc knights
  5 golden dragon skeletons
  2 wolf spider zombies
  2 shadow dragon skeletons (Depths:3)
  17 ironbrand convokers
  3 lindwurms
  16 orc sorcerers
  5 iron dragon zombies
  14 deep elf conjurers
  13 necromancers
  3 harpies (Vaults:5)
  A wolf spider (shapeshifter) (Vaults:1)
  14 wolf spiders
  A stone giant zombie (Crypt:3)
  4 salamanders
  A fire giant zombie (Crypt:3)
  An octopode (shapeshifter) (Vaults:4)
  6 cyclopes
  53 ugly things
  A water nymph (shapeshifter) (Vaults:2)
  A moth of wrath (shapeshifter) (Vaults:4)
  17 moths of wrath
  A salamander (shapeshifter) (Depths:1)
  18 orb spiders
  5 shining eyes
  A shock serpent zombie (Crypt:3)
  7 griffons
  4 manticores
  4 rust devils (Hell)
  A worldbinder (Abyss:1)
  2 sixfirhies
  A guardian serpent (Abyss:1)
  Maurice (D:13)
  11 hornets
  A hornet (shapeshifter) (Depths:2)
  7 elephants
  A dire elephant zombie (Crypt:3)
  A stone giant skeleton (Tomb:2)
  6 smoke demons
  A centaur zombie (D:14)
  3 fire giant skeletons
  3 frost giant skeletons
  5 black mambas
  3 black mambas (shapeshifter)
  An apocalypse crab (Abyss:1)
  26 vault sentinels
  Psyche (D:8)
  A molten gargoyle (Hell)
  9 torpor snails
  3 eyes of devastation
  A torpor snail (shapeshifter) (Vaults:2)
  A black draconian zombie (Crypt:1)
  A spiny frog (shapeshifter) (Depths:4)
  5 spectral swamp worms (Depths:1)
  6 hellions
  4 orange demons
  19 spiny frogs
  72 yaktaurs
  6 fire drakes
  An efreet (Abyss:1)
  A mottled draconian zombie (Zot:1)
  6 spriggan skeletons (Depths:3)
  A red draconian zombie (Zot:1)
  2 emperor scorpion zombies (Crypt:3)
  32 guardian mummies
  9 freezing wraiths
  5 tengu conjurers
  A hellwing (D:9)
  25 jumping spiders
  3 tormentors
  14 komodo dragons
  9 starcursed masses (Abyss:1)
  4 kobold demonologists
  A yaktaur skeleton (D:15)
  9 demonic crawlers
  7 red devils
  13 deep elf priests
  An anaconda simulacrum (Hell)
  8 fire vortices
  A harpy zombie (Crypt:1)
  6 ancient zymes (Abyss:1)
  14 two-headed ogres
  7 giant leeches
  4 blue devils
  A fire drake (shapeshifter) (Elf:2)
  5 trolls
  2 boulder beetles
  A sphinx simulacrum (Vaults:2)
  5 hydra zombies
  23 ushabtiu
  11 blink frogs
  20 small abominations
  A hydra skeleton (Hell)
  21 bog bodies
  9 raiju (Abyss:1)
  113 slime creatures
  7 ettin zombies
  5 air elementals
  12 spriggans
  21 trapdoor spiders
  63 flying skulls
  3 vampires
  2 ynoxinuls (Abyss:1)
  16 tarantellas
  2 ice dragon skeletons
  12 large abominations
  2 ettin skeletons
  13 wyverns
  39 redbacks
  14 wraiths
  A centaur simulacrum (D:14)
  28 deep elf magi
  A fire dragon skeleton (Abyss:1)
  16 golden eyes
  15 shadows
  22 yaks
  2 tarantellas (shapeshifter)
  7 water elementals
  2 yaks (shapeshifter)
  6 basilisks
  4 fire bats (Volcano)
  2 black mamba skeletons
  A chaos spawn (Abyss:1)
  5 hungry ghosts
  5 neqoxecs
  Grum (D:9)
  A steam dragon (D:11)
  11 fire elementals
  37 deep elf fighters
  26 vampire mosquitoes
  A wind drake skeleton (Crypt:2)
  9 wolves
  A soldier ant (shapeshifter) (Abyss:1)
  A soldier ant (D:12)
  2 mottled dragons
  A naga (shapeshifter) (Vaults:4)
  4 wargs
  16 insubstantial wisps
  17 swamp worms
  18 hippogriffs
  12 porcupines
  10 swamp drakes (Swamp:4)
  2 nagas (Abyss:1)
  A spiny frog zombie (Crypt:3)
  Duvessa (D:5)
  19 hell hounds
  22 water moccasins
  49 orc warriors
  21 wasps
  9 eyes of draining
  A putrid demonspawn skeleton (Crypt:1)
  6 sky beasts
  16 necrophages
  A swamp dragon zombie (Crypt:3)
  28 spiders
  A spiny frog skeleton (Geh:3)
  3 ice beasts
  44 ogres
  A manticore zombie (Crypt:1)
  2 black bears
  4 phantoms
  6 boggarts
  An ettin simulacrum (Depths:2)
  A snapping turtle skeleton (Geh:1)
  A fire drake zombie (Crypt:2)
  4 brain worms (Lair:8)
  3 swamp dragon skeletons
  4 big kobolds
  19 crocodiles
  11 centaurs
  5 gnoll sergeants (D:9)
  18 giant frogs
  Dowan (D:5)
  A wyvern zombie (D:14)
  An elf simulacrum (Vaults:3)
  5 wyvern skeletons (Crypt:3)
  A water moccasin zombie (Crypt:1)
  2 human simulacra
  A queen bee zombie (Crypt:2)
  11 wights
  15 killer bees
  3 electric eels
  A scorpion (D:11)
  4 quasits
  9 crimson imps
  21 jellies
  5 lava snakes (Volcano)
  A giant frog zombie (D:9)
  2 gnoll shamans (D:9)
  35 orc priests
  4 centaur skeletons
  3 iron imps (Hell)
  30 orc wizards
  4 giant frog skeletons
  13 hounds
  11 iguanas
  22 sheep
  Natasha (D:3)
  A two-headed ogre skeleton (Crypt:2)
  2 human skeletons
  6 worker ants
  A sky beast zombie (Crypt:1)
  3 hound zombies
  6 tengu skeletons
  2 hound skeletons
  48 mummies
  16 gnolls
  36 river rats
  A steam dragon zombie (Crypt:1)
  5 shadow imps
  18 adders
  4 white imps
  6 ufetubi
  A lava snake zombie (Crypt:2)
  An adder zombie (D:9)
  An iguana zombie (Crypt:1)
  17 worms
  238 orcs
  3 giant cockroaches (D:1)
  25 goblins
  14 hobgoblins
  16 jackals
  9 quokkas
  3 ball pythons
  19 bats
  3 giant geckos
  A giant gecko skeleton (D:5)
  7 giant newts
  A gnoll skeleton (Crypt:2)
  A goblin zombie (D:7)
  29 kobolds
  2 kobold zombies
  An orc skeleton (Crypt:1)
  An orc zombie (Crypt:3)
  A quokka skeleton (D:4)
  A quokka zombie (D:5)
  18 rats
  A river rat zombie (Crypt:2)
  2 briar patches (Swamp:3)
  A crawling corpse (Vaults:4)
  An eldritch tentacle segment (Zot:5)
  4 starspawn tentacles (Abyss:1)
3557 creatures vanquished.

Vanquished Creatures (collateral kills)
  the royal jelly (Slime:6)
  An ancient lich (Vaults:5)
  A bone dragon (Abyss:1)
  A storm dragon (Vaults:4)
  2 shadow dragons
  A tengu reaver (Vaults:4)
  A fire giant (Vaults:4)
  An ironheart preserver (Vaults:2)
  A very ugly thing (Vaults:5)
  A vault warden (Vaults:2)
  A deep elf demonologist (Elf:3)
  A death ooze (Slime:6)
  2 ettins (Vaults:4)
  An ogre mage (Vaults:5)
  A yaktaur captain (Vaults:5)
  2 hell hogs (Abyss:1)
  2 swamp dragons
  A salamander (Geh:2)
  A vault sentinel (Vaults:2)
  A jumping spider (Spider:4)
  Grinder (D:5)
  3 slime creatures
  A raiju (Abyss:1)
  A chaos spawn (Abyss:1)
  2 insubstantial wisps (Swamp:2)
  3 swamp worms
  A hell hound (Abyss:1)
  An ogre (Vaults:5)
  A sky beast (Abyss:1)
  2 large abominations (Abyss:1)
  An eye of draining (Abyss:1)
  A starspawn tentacle (Abyss:1)
42 creatures vanquished.

Vanquished Creatures (others)
  A quicksilver dragon (Vaults:4)
  2 liches (Tomb:2)
  3 eldritch tentacles
  A shadow dragon (Vaults:5)
  A tengu reaver (Vaults:5)
  A fire giant (Tomb:2)
  A draconian scorcher (Depths:5)
  A frost giant (Vaults:5)
  2 deep elf sorcerers (Vaults:5)
  2 vault wardens (Vaults:5)
  A stone giant (Vaults:5)
  A deep elf annihilator (Vaults:5)
  A white draconian (Zot:1)
  2 ettins (Vaults:5)
  A deep elf death mage (Vaults:5)
  3 yaktaur captains (Vaults:5)
  An ice dragon (Depths:4)
  A salamander stormcaller (Vaults:3)
  2 ogre magi (Vaults:5)
  A soul eater (WizLab)
  2 anaconda zombies
  18 death scarabs
  A deep troll (Vaults:5)
  A deep elf conjurer (Vaults:5)
  An orb spider (Spider:1)
  2 wolf spiders
  An orc knight (Vaults:5)
  A lindwurm (Lair:8)
  A centaur zombie (D:13)
  2 elephants (Lair:7)
  3 vault sentinels (Vaults:5)
  2 yaktaurs (Vaults:5)
  2 guardian mummies (Tomb:1)
  A troll (D:12)
  A fire vortex (Vaults:5)
  A giant leech (Lair:8)
  A tengu conjurer (D:12)
  A hydra zombie (Geh:3)
  A two-headed ogre (Orc:3)
  An iron dragon simulacrum (Tomb:2)
  A wyvern (D:13)
  A deep elf mage (Elf:1)
  17 flying skulls
  A redback (Spider:3)
  A wind drake zombie (Crypt:2)
  A trapdoor spider (Spider:1)
  A hungry ghost (D:11)
  A spider (Spider:4)
  An eye of draining (D:12)
  3 ogres
  2 orc warriors
  A manticore zombie (Geh:2)
  A swamp drake (Swamp:2)
  A small abomination (Abyss:1)
  An orc priest (Orc:4)
  An orc wizard (Orc:4)
  5 sheep (Lair:2)
  3 mummies (Tomb:2)
  A gnoll (D:9)
  4 orcs
  A bush (Depths:2)
  A crawling corpse (Vaults:4)
  173 eldritch tentacle segments
  2 fungi
  6 lost souls
  17 plants
  17 starspawn tentacles (Abyss:1)
  208 starspawn tentacle segments (Abyss:1)
  5 tentacles (Hell)
  1650 tentacle segments (Hell)
2201 creatures vanquished.

Grand Total: 5800 creatures vanquished

Notes
Turn   | Place    | Note
--------------------------------------------------------------
     0 | D:1      | Eglamore the Gargoyle Berserker began the quest for the Orb.
     0 | D:1      | Reached XP level 1. HP: 14/14 MP: 1/1
   148 | D:1      | Reached XP level 2. HP: 12/19 MP: 2/2
   557 | D:1      | Acquired Trog's second power
   692 | D:1      | Reached XP level 3. HP: 21/23 MP: 3/3
  1148 | D:2      | Found a radiant altar of Vehumet.
  1243 | D:2      | Found a faded altar to an unknown god.
  1386 | D:2      | Reached XP level 4. HP: 27/29 MP: 4/4
  1892 | D:3      | Noticed Natasha
  1898 | D:3      | Killed Natasha
  1898 | D:3      | Reached skill level 4 in Fighting
  1979 | D:3      | Reached XP level 5. HP: 31/33 MP: 5/5
  2430 | D:4      | Reached XP level 6. HP: 25/39 MP: 6/6
  2804 | D:4      | Got a smoking falchion
  2805 | D:4      | Identified the +9 falchion of the Living Dead {antimagic, rPois Str+3} (You found it on level 4 of the Dungeon)
  2811 | D:4      | Reached skill level 5 in Fighting
  2814 | D:4      | Acquired Trog's third power
  3167 | D:5      | Entered Level 5 of the Dungeon
  3247 | D:5      | Noticed Grinder
  3257 | D:5      | Killed Grinder
  3257 | D:5      | Reached skill level 5 in Maces & Flails
  3257 | D:5      | Reached skill level 5 in Armour
  3257 | D:5      | Reached XP level 7. HP: 35/44 MP: 7/7
  3665 | D:5      | Noticed Duvessa
  3665 | D:5      | Noticed Dowan
  3680 | D:5      | Killed Duvessa
  3680 | D:5      | Reached skill level 6 in Fighting
  3685 | D:5      | Killed Dowan
  4101 | D:5      | Reached XP level 8. HP: 52/52 MP: 8/8
  4883 | D:6      | Found a white marble altar of Elyvilon.
  4906 | D:6      | Reached skill level 7 in Fighting
  5061 | D:6      | Found a shadowy altar of Dithmenos.
  5232 | D:7      | Found a staircase to the Ecumenical Temple.
  5297 | D:7      | Found a runed door.
  5303 | D:7      | Found a basalt altar of Yredelemnul.
  5415 | D:7      | Reached XP level 9. HP: 41/59 MP: 9/9
  5429 | D:7      | Gained mutation: You are partially covered in rough black scales (AC +4, Dex -1). [mutagenic meat]
  5616 | D:7      | Found a basalt altar of Yredelemnul.
  5717 | D:7      | Reached skill level 8 in Fighting
  5924 | D:7      | Received a gift from Trog
  6148 | D:7      | Got a faintly humming cloak
  6154 | D:7      | Identified the +4 cloak of the Evening {rN+ MR++} (You found it on level 7 of the Dungeon)
  6310 | D:8      | Got a bound glass ring
  6334 | D:8      | Found a snail-covered altar of Cheibriados.
  6445 | D:8      | Received a gift from Trog
  6467 | D:8      | Noticed a cyan ugly thing
  6488 | D:8      | Killed a cyan ugly thing
  6498 | D:8      | Gained mutation: You have sharp toenails. [mutagenic meat]
  6499 | D:8      | Gained mutation: Your magical capacity is low (-10% MP). [mutagenic meat]
  6500 | D:8      | Gained mutation: You are partially covered in icy blue scales (AC +1). [mutagenic meat]
  6501 | D:8      | Gained mutation: You can spit weak poison. [mutagenic meat]
  6648 | D:8      | Noticed Psyche
  6654 | D:8      | Killed Psyche
  6654 | D:8      | Reached skill level 9 in Fighting
  6684 | D:8      | Found a glowing silver altar of Zin.
  6684 | D:8      | Found a blossoming altar of Fedhas.
  6861 | D:8      | Reached XP level 10. HP: 66/66 MP: 9/9
  7223 | D:9      | Noticed a hill giant
  7289 | D:9      | Reached skill level 10 in Fighting
  7353 | D:9      | Killed an unseen horror
  7408 | D:9      | Reached skill level 10 in Armour
  7421 | D:9      | Got a crude trident
  7433 | D:9      | Got a distressingly furry buckler
  7437 | D:9      | Identified the +9 trident of Eglamore's Misery {flame, rElec MP+9 Dex+7} (You found it on level 9 of the Dungeon)
  7449 | D:9      | Identified the +0 buckler "Waury" {Stlth+} (You found it on level 9 of the Dungeon)
  7464 | D:9      | Found Hoskilo's Antique Weapon Shop.
  7482 | D:9      | Bought a runed morningstar for 88 gold pieces
  7488 | D:9      | Found Gefar's Antique Weapon Shop.
  7910 | D:9      | Reached XP level 11. HP: 68/73 MP: 9/9
  7943 | D:9      | Received a gift from Trog
  8009 | D:9      | Reached skill level 10 in Maces & Flails
  8212 | D:9      | Noticed Grum
  8227 | D:9      | Killed Grum
  8241 | D:10     | Entered Level 10 of the Dungeon
  8260 | D:10     | Reached skill level 11 in Fighting
  8264 | D:10     | Found a staircase to the Lair.
  8354 | D:10     | Got a twisted lajatang
  8357 | D:10     | Identified the ring of Wafoxkif {rF+ Str+4} (You found it on level 8 of the Dungeon)
  9025 | Lair:1   | Entered Level 1 of the Lair of Beasts
  9391 | Lair:1   | Reached skill level 1 in Shields
  9854 | Lair:2   | Gained mutation: You are partially covered in iridescent scales (AC +4). [potion of mutation]
  9854 | Lair:2   | Lost mutation: You have sharp toenails. [potion of mutation]
 10228 | Lair:2   | Received a gift from Trog
 10264 | Lair:2   | Got a pair of ancient boots
 10270 | Lair:2   | Identified the +1 pair of boots "Zeor" {*Corrode rN++} (You found it on level 2 of the Lair of Beasts)
 10357 | Lair:2   | Found a shimmering altar of Xom.
 10821 | Lair:3   | Reached XP level 12. HP: 81/81 MP: 10/10
 10838 | Lair:3   | Reached skill level 12 in Fighting
 11140 | Lair:3   | Found a snail-covered altar of Cheibriados.
 11159 | Lair:3   | Noticed Nergalle
 11203 | Lair:3   | Killed Nergalle
 11215 | Lair:3   | Found a staircase to the Swamp.
 11315 | Lair:3   | Noticed XuaXua's ghost (powerful OpTm)
 11338 | Lair:3   | Killed XuaXua's ghost
 11387 | Lair:3   | Reached skill level 5 in Shields
 12343 | Lair:4   | Found a hole to the Spider Nest.
 12906 | Lair:5   | Noticed a five-headed hydra
 12916 | Lair:5   | Killed a five-headed hydra
 13279 | Lair:5   | Reached XP level 13. HP: 77/87 MP: 11/11
 13470 | Lair:5   | Reached skill level 13 in Fighting
 13869 | Lair:6   | Found a dark tunnel.
 13874 | Volcano  | Entered a volcano
 14072 | Volcano  | Found a bloodstained altar of Trog.
 14125 | Volcano  | Found a bloodstained altar of Trog.
 14767 | Lair:6   | Got a dazzling battleaxe
 14775 | Lair:6   | Identified the +9 battleaxe of Springtime {chop, rC+} (You found it on level 6 of the Lair of Beasts)
 15126 | Lair:7   | Got a faintly glowing scale mail
 15153 | Lair:7   | Identified the +4 scale mail "Ozeoj" {rPois Int+2} (You found it on level 7 of the Lair of Beasts)
 15936 | Lair:8   | Entered Level 8 of the Lair of Beasts
 16337 | Lair:8   | Found a runed door.
 16597 | Lair:8   | Received a gift from Trog
 16674 | Lair:8   | Reached skill level 14 in Fighting
 16723 | Lair:8   | Gained mutation: Your large and strong wings let you fly indefinitely. [Gargoyle growth]
 16723 | Lair:8   | Reached XP level 14. HP: 96/96 MP: 12/12
 16854 | Lair:8   | Found a staircase to the Slime Pits.
 17751 | D:11     | Found a staircase to the Orcish Mines.
 17987 | D:11     | Received a gift from Trog
 18056 | D:11     | Gained mutation: You possess an exceptional clarity of mind. [mutagenic meat]
 18057 | D:11     | Gained mutation: Your spells are a little easier to cast, but a little less powerful. [mutagenic meat]
 18058 | D:11     | Gained mutation: You have a pair of small antennae on your head. [mutagenic meat]
 18138 | D:11     | Gained mutation: Your body sometimes deteriorates upon taking damage. [mutagenic meat]
 18139 | D:11     | Gained mutation: Your mind is acute. (Int +2) [mutagenic meat]
 18140 | D:11     | Gained mutation: You expend magic power (3 MP) to strengthen your wands. [mutagenic meat]
 18408 | D:11     | Reached skill level 10 in Shields
 18573 | Orc:1    | Entered Level 1 of the Orcish Mines
 19074 | Orc:2    | Found a roughly hewn altar of Beogh.
 19353 | Orc:2    | Received a gift from Trog
 19450 | Orc:2    | Found Xompeq's Food Boutique.
 19936 | Orc:3    | Received a gift from Trog
 20560 | Orc:3    | Found Hequs's Weapon Shop.
 20577 | Orc:3    | Found a staircase to the Elven Halls.
 20696 | Orc:4    | Entered Level 4 of the Orcish Mines
 20702 | Orc:4    | Noticed an orc warlord
 20927 | Orc:3    | Banished an orc warlord
 20986 | Orc:4    | Found Buovvyveju's Book Shoppe.
 21082 | Orc:4    | Found Edoteeze's Antique Armour Emporium.
 21143 | Orc:4    | Bought a pair of embroidered gloves for 126 gold pieces
 21232 | Orc:4    | Found Fekledwe's General Store.
 21319 | Orc:4    | Received a gift from Trog
 21451 | Orc:4    | Found Sofemuma's Antique Weapon Emporium.
 21466 | Orc:4    | Bought a translucent flail for 263 gold pieces
 22201 | D:12     | Lost mutation: You possess an exceptional clarity of mind. [mutagenic meat]
 22370 | D:12     | Reached skill level 15 in Fighting
 22579 | D:12     | Reached XP level 15. HP: 103/103 MP: 13/13
 23479 | D:12     | Reached skill level 15 in Armour
 23601 | D:13     | Noticed Erolcha
 23781 | D:13     | Found a labyrinth entrance.
 23795 | Lab      | Entered a labyrinth
 24654 | Lab      | Identified the +9 flail of the Lame Duck {vamp, rN++ Int+2} (You bought it in a shop on level 4 of the Orcish Mines)
 24654 | Lab      | Cast into the Abyss (a distortion unwield)
 24661 | Abyss:1  | Killed an orc warlord
 24934 | Abyss:1  | Gained mutation: You are robust (+10% HP). [mutagenic meat]
 24949 | Abyss:1  | Noticed a tentacled starspawn
 24965 | Abyss:1  | Killed a tentacled starspawn
 25018 | Abyss:1  | Gained mutation: Your magical capacity is very low (-20% MP). [a neqoxec]
 25026 | Abyss:1  | Received a gift from Trog
 25064 | Abyss:1  | Noticed a bone dragon
 25091 | Abyss:1  | Killed a bone dragon
 25346 | Abyss:1  | Gained mutation: You are agile. (Dex +2) [mutagenic meat]
 25350 | Abyss:1  | Lost mutation: Your spells are a little easier to cast, but a little less powerful. [mutagenic meat]
 25419 | Abyss:1  | Noticed a tentacled starspawn
 25431 | Abyss:1  | Killed a tentacled starspawn
 25432 | Abyss:1  | Found a basalt altar of Yredelemnul.
 25462 | Abyss:1  | Noticed a tentacled starspawn
 25474 | Abyss:1  | Killed a tentacled starspawn
 25535 | Abyss:1  | Gained mutation: Your magical capacity is extremely low (-30% MP). [a neqoxec]
 25550 | Abyss:1  | Reached XP level 16. HP: 121/121 MP: 11/11
 25571 | Abyss:1  | Paralysed by accursed screaming for 1 turns
 25579 | Abyss:1  | Paralysed by accursed screaming for 2 turns
 25589 | Abyss:1  | Paralysed by accursed screaming for 1 turns
 25599 | Abyss:1  | Found a corrupted altar of Lugonu.
 25907 | Abyss:1  | Reached skill level 16 in Fighting
 25956 | Abyss:1  | Noticed a tentacled starspawn
 25960 | Abyss:1  | Reached skill level 15 in Maces & Flails
 25963 | Abyss:1  | Killed a tentacled starspawn
 25971 | Abyss:1  | Found a corrupted altar of Lugonu.
 25974 | Abyss:1  | Noticed a bone dragon
 25983 | Abyss:1  | Killed a bone dragon
 26202 | Abyss:1  | Noticed a tentacled starspawn
 26211 | Abyss:1  | Killed a tentacled starspawn
 26300 | Abyss:1  | Noticed a tentacled starspawn
 26310 | Abyss:1  | Killed a tentacled starspawn
 26326 | Abyss:1  | Noticed a tentacled starspawn
 26343 | Abyss:1  | Killed a tentacled starspawn
 26803 | Abyss:1  | Noticed a tentacled starspawn
 26814 | Abyss:1  | Killed a tentacled starspawn
 26837 | Lab      | Escaped the Abyss
 26956 | D:13     | Noticed Maud
 26965 | D:13     | Killed Maud
 27011 | D:13     | Noticed Maurice
 27022 | D:13     | Received a gift from Trog
 27046 | D:13     | Killed Erolcha
 27057 | D:13     | Killed Maurice
 27578 | D:13     | Found a gate to the Vaults.
 27955 | Spider:1 | Entered Level 1 of the Spider Nest
 28193 | Spider:1 | Noticed Frances
 28470 | Spider:1 | Killed Frances
 28647 | Spider:1 | Reached XP level 17. HP: 124/127 MP: 11/11
 29086 | Spider:2 | Received a gift from Trog
 29417 | Spider:2 | Reached skill level 17 in Fighting
 29824 | Spider:3 | Received a gift from Trog
 30113 | Spider:4 | Entered Level 4 of the Spider Nest
 30181 | Spider:4 | Lost mutation: Your magical capacity is extremely low (-30% MP). [mutagenic meat]
 30182 | Spider:4 | Gained mutation: Your spells are a little easier to cast, but a little less powerful. [mutagenic meat]
 30183 | Spider:4 | Lost mutation: Your mind is acute. (Int +2) [mutagenic meat]
 30759 | Spider:4 | Received a gift from Trog
 30943 | Spider:4 | Got a gossamer rune of Zot
 30963 | Spider:4 | Lost mutation: You are agile. (Dex +2) [mutagenic meat]
 30965 | Spider:4 | Gained mutation: Your mind is acute. (Int +2) [mutagenic meat]
 31313 | Lair:2   | Lost mutation: Your mind is acute. (Int +2) [potion of cure mutation]
 31313 | Lair:2   | Lost mutation: Your magical capacity is very low (-20% MP). [potion of cure mutation]
 31313 | Lair:2   | Lost mutation: You expend magic power (3 MP) to strengthen your wands. [potion of cure mutation]
 31313 | Lair:2   | Lost mutation: You are partially covered in iridescent scales (AC +4). [potion of cure mutation]
 31313 | Lair:2   | Lost mutation: You have a pair of small antennae on your head. [potion of cure mutation]
 31323 | Lair:2   | Lost mutation: Your body sometimes deteriorates upon taking damage. [potion of cure mutation]
 31323 | Lair:2   | Lost mutation: You are robust (+10% HP). [potion of cure mutation]
 31323 | Lair:2   | Lost mutation: Your spells are a little easier to cast, but a little less powerful. [potion of cure mutation]
 31323 | Lair:2   | Lost mutation: You can spit weak poison. [potion of cure mutation]
 31406 | Swamp:1  | Entered Level 1 of the Swamp
 31597 | Swamp:1  | Reached XP level 18. HP: 116/124 MP: 16/16
 31657 | Swamp:1  | HP: 3/124 [something (22)]
 32654 | Swamp:2  | Reached skill level 15 in Shields
 32901 | Swamp:2  | Reached skill level 18 in Fighting
 32925 | Swamp:2  | Noticed Louise
 33204 | Swamp:2  | Killed Louise
 33448 | Swamp:3  | Received a gift from Trog
 33462 | Swamp:3  | Got an encrusted demon whip {god gift}
 33463 | Swamp:3  | Identified the +8 demon whip of Execution {freeze, rC+ Int+4 SInv} (Trog gifted it to you on level 3 of the Swamp)
 34023 | Swamp:4  | Entered Level 4 of the Swamp
 34275 | Swamp:4  | Received a gift from Trog
 34519 | Swamp:4  | Noticed the 27-headed Lernaean hydra
 34527 | Swamp:4  | Killed the 26-headed Lernaean hydra
 34537 | Swamp:4  | Reached XP level 19. HP: 90/131 MP: 17/17
 34554 | Swamp:4  | Got a decaying rune of Zot
 35278 | Elf:1    | Entered Level 1 of the Elven Halls
 35445 | Elf:1    | Received a gift from Trog
 35680 | Elf:1    | Found Toacod's Antique Weapon Shop.
 36750 | Elf:2    | Received a gift from Trog
 36866 | Elf:2    | Found a huge runed gate.
 36866 | Elf:2    | Found a huge runed gate.
 36866 | Elf:2    | Found a huge runed gate.
 36866 | Elf:2    | Found a huge runed gate.
 36866 | Elf:2    | Found a huge runed gate.
 37395 | Elf:3    | Entered Level 3 of the Elven Halls
 37569 | Elf:3    | Gained mutation: Scrolls take you a little longer to read. [a neqoxec]
 37570 | Elf:3    | Reached skill level 19 in Armour
 37666 | Elf:3    | Received a gift from Trog
 37862 | Elf:3    | Got a glittering lead ring
 37920 | Elf:3    | Reached XP level 20. HP: 85/139 MP: 18/18
 37927 | Elf:3    | Got a coiled emerald amulet
 38280 | Elf:3    | Identified the amulet "Axosypp" {*Contam Regen+ Str+8 Stlth+} (You took it off a deep elf blademaster on level 3 of the Elven Halls)
 38348 | Elf:3    | Identified the ring of Dogma {Fire +Fly rElec Dex+2} (You took it off a deep elf death mage on level 3 of the Elven Halls)
 38405 | Elf:3    | Received a gift from Trog
 38569 | Elf:3    | Found Vafaek's Book Boutique.
 38711 | Elf:3    | Got a translucent crystal amulet
 38712 | Elf:3    | Got a bloodstained spear
 38715 | Elf:3    | Identified the amulet "Zerel" {Clar MR+} (You took it off a deep elf priest on level 3 of the Elven Halls)
 38968 | Orc:4    | Bought a scroll of remove curse for 36 gold pieces
 39334 | D:14     | Received a gift from Trog
 39599 | D:14     | Found Jysez's Antique Weapon Shoppe.
 40079 | D:15     | Entered Level 15 of the Dungeon
 40372 | D:15     | Noticed Sonja
 40373 | D:15     | Found a staircase to the Depths.
 40423 | D:15     | Killed Sonja
 40547 | D:15     | Found a portal to a secret trove of treasure.
 40879 | D:15     | Received a gift from Trog
 41078 | Vaults:1 | Entered Level 1 of the Vaults
 41291 | Vaults:1 | Gained mutation: You occasionally shout uncontrollably at your foes. [mutagenic meat]
 41293 | Vaults:1 | Gained mutation: You are frail (-10% HP). [mutagenic meat]
 41294 | Vaults:1 | Lost mutation: You are partially covered in rough black scales (AC +4, Dex -1). [potion of cure mutation]
 41294 | Vaults:1 | Lost mutation: You occasionally shout uncontrollably at your foes. [potion of cure mutation]
 41294 | Vaults:1 | Lost mutation: Your magical capacity is low (-10% MP). [potion of cure mutation]
 41294 | Vaults:1 | Lost mutation: You are frail (-10% HP). [potion of cure mutation]
 41294 | Vaults:1 | Lost mutation: Scrolls take you a little longer to read. [potion of cure mutation]
 42263 | Vaults:2 | Received a gift from Trog
 42308 | Vaults:2 | Reached skill level 20 in Armour
 42308 | Vaults:2 | Reached XP level 21. HP: 143/145 MP: 21/21
 42948 | Vaults:2 | Got a flickering tin ring
 42974 | Vaults:2 | Received a gift from Trog
 43052 | Vaults:2 | Identified the ring "Leafuh" {*Drain rElec rN+ MR- Str+7} (You took it off an ironbrand convoker on level 2 of the Vaults)
 43110 | Vaults:2 | Got a shimmering war axe
 43111 | Vaults:2 | Identified the cursed +1 war axe of Peril {elec, rC+} (You found it on level 2 of the Vaults)
 43937 | Vaults:3 | Found a staircase to the Crypt.
 44006 | Vaults:3 | Noticed Jory
 44033 | Vaults:3 | Killed Jory
 44033 | Vaults:3 | Received a gift from Trog
 44608 | Vaults:3 | Reached XP level 22. HP: 98/153 MP: 22/22
 44618 | Vaults:3 | Got a spiked scale mail
 44629 | Vaults:3 | Identified the +10 scale mail of Action {rC+} (You found it on level 3 of the Vaults)
 45132 | Vaults:3 | Received a gift from Trog
 45358 | Vaults:4 | Found Ytoydit's Armour Boutique.
 45377 | Vaults:4 | Noticed Sojobo
 45406 | Vaults:4 | Killed Sojobo
 45438 | Vaults:4 | Found Meidworr's Gadget Shop.
 45603 | Vaults:4 | Found Mifa's Magic Scroll Emporium.
 45610 | Vaults:4 | Bought a scroll of recharging for 161 gold pieces
 45610 | Vaults:4 | Bought a scroll of remove curse for 51 gold pieces
 45610 | Vaults:4 | Bought a scroll of teleportation for 51 gold pieces
 45610 | Vaults:4 | Bought a scroll of identify for 34 gold pieces
 45639 | Vaults:4 | Found a bloodstained altar of Trog.
 45714 | Vaults:4 | Reached skill level 21 in Armour
 45763 | Vaults:4 | Received a gift from Trog
 45902 | Vaults:4 | Got a crystal flail {god gift}
 45918 | Vaults:4 | Identified the +11 flail of Prudence {antimagic, +Blink Stlth+} (Trog gifted it to you on level 4 of the Vaults)
 46290 | Vaults:4 | Got an ancient whip
 46297 | Vaults:4 | Identified the +11 whip of Due Proportion {vamp, rPois} (You found it on level 4 of the Vaults)
 46316 | Vaults:4 | Got a faintly glowing turquoise ring
 46426 | Vaults:4 | Found Ekaxkyni's Antique Weapon Shop.
 46434 | Vaults:4 | Bought a bloodstained flail for 238 gold pieces
 46434 | Vaults:4 | Identified the +7 flail of Nataluonn {crush, MR+} (You bought it in a shop on level 4 of the Vaults)
 46510 | Vaults:4 | Received a gift from Trog
 46776 | Vaults:4 | Found Vouc's Antique Weapon Shop.
 47354 | Vaults:1 | Reached XP level 23. HP: 160/160 MP: 23/23
 47492 | Lair:2   | Identified the ring "Wuikum" {+Fly rElec rC+ MP+9} (You took it off a deep elf priest on level 4 of the Vaults)
 47744 | Crypt:1  | Entered Level 1 of the Crypt
 48632 | Crypt:2  | Noticed Frederick
 49502 | Crypt:1  | Killed Frederick
 50370 | Crypt:3  | Entered Level 3 of the Crypt
 50551 | Crypt:3  | Got a faintly glowing demon trident
 50908 | Crypt:3  | Reached skill level 22 in Armour
 51139 | Crypt:3  | Found a basalt altar of Yredelemnul.
 51568 | Crypt:3  | Found a staircase to the Tomb.
 51568 | Crypt:3  | Noticed a greater mummy
 51590 | Crypt:3  | Killed a greater mummy
 51646 | Crypt:3  | Got a translucent lead amulet
 51647 | Crypt:3  | Identified the amulet "Refafeod" {Stasis rElec MR- Int+5} (You found it on level 3 of the Crypt)
 52013 | Crypt:3  | Received a gift from Trog
 52159 | Crypt:3  | Reached XP level 24. HP: 157/168 MP: 23/23
 52600 | Crypt:3  | Got a coiled lead ring
 52600 | Crypt:3  | Got a clouded granite ring
 52600 | Crypt:3  | Got a pitted glass ring
 52603 | Crypt:3  | Identified the ring of Don Ohag {rC- rN+ Int-4 Dex+10 Stlth+} (You found it on level 3 of the Crypt)
 52604 | Crypt:3  | Identified the ring "Ise Teih" {*Confuse rPois rN+ MR+ Dex+4} (You found it on level 3 of the Crypt)
 52605 | Crypt:3  | Identified the ring "Zylim" {rElec rN+ MP+9 Dex+4} (You found it on level 3 of the Crypt)
 53197 | Depths:1 | Entered Level 1 of the Depths
 53233 | Depths:1 | Found a gateway to Hell.
 53294 | Depths:1 | Found a magical portal.
 53319 | WizLab   | Entered The Hall of Esseezad the Hellbinder
 53397 | WizLab   | Reached skill level 1 in Evocations
 53452 | WizLab   | Gained mutation: Your magical capacity is low (-10% MP). [a cacodemon]
 53539 | WizLab   | Gained mutation: You are dopey. (Int -2) [a cacodemon]
 53545 | WizLab   | Gained mutation: You occasionally shout uncontrollably at your foes. [a cacodemon]
 53546 | WizLab   | Gained mutation: Your muscles are strong. (Str +2) [a cacodemon]
 53901 | WizLab   | Found a burning altar of Makhleb.
 54166 | Depths:1 | Received a gift from Trog
 55009 | Depths:1 | Found a runed door.
 55129 | Depths:1 | Found a radiant altar of Vehumet.
 55129 | Depths:1 | Noticed an ancient lich
 55154 | Depths:1 | Killed an ancient lich
 55181 | Depths:1 | Received a gift from Trog
 55215 | Hell     | Entered the Vestibule of Hell
 55215 | Hell     | Noticed Geryon
 55231 | Hell     | Killed Geryon
 55536 | D:8      | Noticed a hill giant
 55544 | D:8      | Killed a hill giant
 55759 | D:15     | You paid a toll of the horn of Geryon to enter a treasure trove
 55760 | Trove    | Entered a treasure trove
 55767 | Trove    | Got a fine jade amulet
 55779 | Trove    | Got a clouded glass ring
 55791 | Trove    | Got a translucent platinum ring
 55793 | Trove    | Got a coiled silver ring
 55795 | Trove    | Got a heavily runed steel amulet
 55897 | D:15     | Identified the ring of Coex {rF+ MR+ Str+2 Dex-5} (You found it in a treasure trove)
 55898 | D:15     | Identified the amulet of Zupirph {rMut MR- Dex+6} (You found it in a treasure trove)
 55899 | D:15     | Identified the amulet of Tangimo {rMut rF- Slay+3 SInv Stlth+} (You found it in a treasure trove)
 55900 | D:15     | Identified the ring "Koll" {*Drain rN+ MR+ Int-4 SInv} (You found it in a treasure trove)
 55901 | D:15     | Identified the cursed ring "Ukligasm" {+Blink rElec EV-2 Str-4} (You found it in a treasure trove)
 56357 | Slime:1  | Entered Level 1 of the Pits of Slime
 56615 | Slime:1  | Reached skill level 5 in Evocations
 56638 | Slime:2  | Received a gift from Trog
 57725 | Slime:3  | Received a gift from Trog
 57934 | Slime:3  | Reached XP level 25. HP: 170/175 MP: 24/24
 58003 | Slime:5  | Reached skill level 23 in Armour
 58026 | Slime:6  | Entered Level 6 of the Pits of Slime
 58028 | Slime:6  | Noticed Dissolution
 58040 | Slime:6  | Killed Dissolution
 58483 | Slime:5  | Gained mutation: You are very dopey. (Int -4) [a shining eye]
 58548 | Slime:6  | Received a gift from Trog
 58863 | Slime:6  | Noticed the royal jelly
 58871 | Slime:6  | Killed the royal jelly
 58943 | Slime:6  | Received a gift from Trog
 58979 | Slime:6  | Got a pitted brass ring
 59020 | Slime:6  | Got a translucent golden ring
 59037 | Slime:6  | Got a slimy rune of Zot
 59088 | Slime:6  | Got a spiked plate armour
 59109 | Slime:6  | Identified the ring "Qile" {rElec rPois Int+7 SInv Stlth-} (You found it on level 6 of the Pits of Slime)
 59110 | Slime:6  | Identified the cursed ring "Tur Iwoo" {+Fly rF+ Int-5 Dex-4 SInv} (You found it on level 6 of the Pits of Slime)
 59111 | Slime:6  | Identified the +5 plate armour "Foghatawn" {rCorr Str+3 Dex+2} (You found it on level 6 of the Pits of Slime)
 59439 | Lair:2   | Lost mutation: You are very dopey. (Int -4) [potion of cure mutation]
 59439 | Lair:2   | Lost mutation: You occasionally shout uncontrollably at your foes. [potion of cure mutation]
 59439 | Lair:2   | Lost mutation: Your muscles are strong. (Str +2) [potion of cure mutation]
 59439 | Lair:2   | Lost mutation: You are partially covered in icy blue scales (AC +1). [potion of cure mutation]
 59440 | Lair:2   | Lost mutation: You are dopey. (Int -2) [potion of cure mutation]
 59440 | Lair:2   | Lost mutation: Your magical capacity is low (-10% MP). [potion of cure mutation]
 59461 | Lair:2   | Upgraded the game from 0.17-a0-1384-gaabe8e5 to 0.17-a0-1394-gde347b4
 59905 | Depths:2 | Identified a scroll of acquirement
 59907 | Depths:2 | Identified a +6 rod of shadows (10/10) (You acquired it on level 2 of the Depths)
 60194 | Depths:2 | Got a sparkling platinum ring
 60195 | Depths:2 | Identified the ring of Yptakhy {Wiz rF+ MP+9} (You found it on level 2 of the Depths)
 60843 | Depths:2 | Received a gift from Trog
 61269 | Depths:2 | Found a shattered altar of Ashenzari.
 61506 | Depths:3 | Noticed Saint Roka
 61776 | Depths:3 | Killed Saint Roka
 61853 | Depths:3 | Received a gift from Trog
 61853 | Depths:3 | Reached XP level 26. HP: 137/183 MP: 29/29
 62028 | Depths:3 | Noticed Aizul
 62049 | Depths:3 | Killed Aizul
 62153 | Depths:3 | Found a gateway to a ziggurat.
 62344 | Depths:3 | Found a one-way gate leading to the halls of Pandemonium.
 62608 | Depths:3 | Noticed the Enchantress
 62641 | Depths:3 | Killed the Enchantress
 62670 | Depths:3 | Reached skill level 24 in Armour
 62868 | Depths:3 | Received a gift from Trog
 63553 | Depths:4 | Received a gift from Trog
 63663 | Depths:4 | Reached skill level 10 in Evocations
 63742 | Depths:4 | Found a one-way gate to the infinite horrors of the Abyss.
 63829 | Depths:4 | Found Huxoseh's Antique Weapon Boutique.
 64150 | Depths:5 | Entered Level 5 of the Depths
 64695 | Depths:5 | Received a gift from Trog
 64802 | Depths:5 | Reached XP level 27. HP: 131/190 MP: 31/31
 65265 | Depths:5 | Found a gate to the Realm of Zot.
 65950 | Depths:3 | Received a gift from Trog
 66231 | Lair:2   | Identified a +2 rod of shadows (11/11) (You found it on level 4 of the Depths)
 66513 | Vaults:5 | Entered Level 5 of the Vaults
 66618 | Vaults:5 | Noticed an ancient lich
 67072 | Vaults:5 | Noticed an ancient lich
 67448 | Vaults:4 | Received a gift from Trog
 67560 | Vaults:4 | Reached skill level 25 in Armour
 67656 | Vaults:5 | Killed an ancient lich
 67663 | Vaults:5 | Gained mutation: You expend magic power (3 MP) to strengthen your wands. [a cacodemon]
 67687 | Vaults:4 | Killed an ancient lich
 67718 | Vaults:4 | Got a warped wooden ring
 68712 | Vaults:5 | Got a crude morningstar
 68764 | Vaults:5 | Found Ucits's Assorted Antiques.
 68895 | Vaults:5 | Got a silver rune of Zot
 68962 | Vaults:5 | Got a wavering pewter ring
 69079 | Vaults:5 | Noticed Mennas
 69131 | Vaults:5 | Killed Mennas
 69131 | Vaults:5 | Received a gift from Trog
 69168 | Vaults:5 | Identified the +8 morningstar "Siblol" {freeze, Dex+4} (You found it on level 5 of the Vaults)
 69325 | Vaults:5 | Identified the ring of Egalitarianism {Int+3 Stlth-} (You took it off a salamander stormcaller on level 4 of the Vaults)
 69326 | Vaults:5 | Identified the ring of Kuicon {+/*Tele MR+ Str+5 Int-4} (You found it on level 5 of the Vaults)
 70223 | Tomb:1   | Entered Level 1 of the Tomb of the Ancients
 71561 | Tomb:2   | Noticed Khufu
 71796 | Tomb:2   | Noticed Boris
 72250 | Tomb:1   | Killed Khufu
 73769 | Tomb:1   | Killed Boris
 75173 | Tomb:1   | Received a gift from Trog
 75173 | Tomb:1   | Reached skill level 26 in Armour
 77398 | Tomb:1   | Reached skill level 15 in Evocations
 77630 | Tomb:2   | Noticed Jorgrun
 77649 | Tomb:2   | Killed Jorgrun
 77779 | Tomb:3   | Entered Level 3 of the Tomb of the Ancients
 80892 | Tomb:3   | Noticed an ancient lich
 81003 | Tomb:3   | Killed an ancient lich
 81469 | Tomb:3   | Got a shimmering brass ring
 81596 | Tomb:3   | Got a golden rune of Zot
 81699 | Tomb:3   | Got a translucent plate armour
 81736 | Tomb:3   | Identified the cursed +1 plate armour of Autotheism {rN++} (You found it on level 3 of the Tomb of the Ancients)
 81743 | Tomb:3   | Identified a +1 pair of boots of running (You found it on level 3 of the Tomb of the Ancients)
 81743 | Tomb:3   | Identified the ring of Piynt {AC+3 Slay+2} (You found it on level 3 of the Tomb of the Ancients)
 82080 | Tomb:1   | Reached skill level 27 in Armour
 82828 | Hell     | Received a gift from Trog
 83042 | Hell     | Found a gateway to the decaying netherworld of Tartarus.
 83218 | Hell     | Found a gateway to the ashen valley of Gehenna.
 83342 | Hell     | Found a gateway to the Iron City of Dis.
 83843 | Hell     | Found a gateway to the freezing wastes of Cocytus.
 83968 | Geh:1    | Entered Level 1 of Gehenna
 84044 | Geh:1    | Gained mutation: Potions and wands are less effective at restoring your health. [mutagenic glow]
 84049 | Geh:1    | Reached skill level 27 in Fighting
 84054 | Geh:1    | Received a gift from Trog
 84916 | Zot:1    | Entered Level 1 of the Realm of Zot
 85873 | Zot:1    | Paralysed by a Zot trap for 2 turns
 87870 | Zot:3    | Received a gift from Trog
 89026 | Zot:5    | Entered Level 5 of the Realm of Zot
 89120 | Zot:5    | Found a snail-covered altar of Cheibriados.
 89459 | Zot:5    | Reached skill level 27 in Shields
 89511 | Zot:5    | Noticed an ancient lich
 89547 | Zot:5    | Killed an ancient lich
 89622 | Zot:5    | Noticed an orb of fire
 89646 | Zot:5    | Killed an orb of fire
 89732 | Zot:5    | Noticed an orb of fire
 89744 | Zot:5    | Killed an orb of fire
 89835 | Zot:5    | Noticed an ancient lich
 89870 | Zot:5    | Noticed an ancient lich
 89880 | Zot:5    | Killed an ancient lich
 89945 | Zot:5    | Killed an ancient lich
 90166 | Zot:5    | Noticed an ancient lich
 90181 | Zot:5    | Noticed an ancient lich
 90194 | Zot:5    | Killed an ancient lich
 90204 | Zot:5    | Killed an ancient lich
 90380 | Zot:5    | Noticed an ancient lich
 90389 | Zot:5    | Killed an ancient lich
 90391 | Zot:5    | Noticed an ancient lich
 90401 | Zot:5    | Killed an ancient lich
 90427 | Zot:5    | Cast into the Abyss (a Zot trap)
 90427 | Abyss:1  | Found a corrupted altar of Lugonu.
 90449 | Zot:5    | Escaped the Abyss
 90791 | Zot:5    | Noticed an orb of fire
 90809 | Zot:5    | Noticed an ancient lich
 90811 | Zot:5    | Killed an orb of fire
 90829 | Zot:5    | Killed an ancient lich
 90829 | Zot:5    | Received a gift from Trog
 90851 | Zot:5    | Got a twisted flail {god gift}
 90867 | Zot:5    | Identified the +6 flail of Jodaoloe {flame, +Inv rPois Str+2 SInv} (Trog gifted it to you on level 5 of the Realm of Zot)
 90945 | Zot:5    | Got the Orb of Zot
 90981 | Zot:5    | Noticed an ancient lich
 91022 | Zot:4    | Noticed Eptuotue the pandemonium lord
 91045 | Zot:3    | Noticed Pofasel the pandemonium lord
 91303 | D:11     | Noticed Idaff the pandemonium lord
 91627 | D:$      | Escaped with the Orb!

Vault maps used:
D:1:      dpeg_arrival_morbid_curiosity, serial_curves, eino_curves_04,
          eino_curves_03
D:2:      nicolae_overflow_crystal_walls, ecumenical_altar_1
D:3:      uniq_natasha
D:4:      first_bread, cheibrodos_gnoll_hut
D:5:      uniq_duvessa, uniq_grinder
D:6:      elyvilon_altar_3, grunt_dithmenos_shadows, dk_rats_in_the_wall
D:7:      overflow_temple_1_default, minmay_temple_entry_overgrown,
          grunt_ogre_cave, nrook_uturn, dk_yredelemnul_ordeal
D:8:      cheibrodos_worm_habitat, gammafunk_temple_overflow_pools,
          grunt_ministairs_7, uniq_psyche
D:9:      serial_shops, shop_fountains, serial_gnoll_camp, grums_kennel,
          gnoll_camp_medium_01, gnoll_camp_mini_hut, gnoll_camp_huts_basic,
          gnoll_camp_mini_shop, minivault_20, mrwooster_statue_mirror,
          kennysheep_opposing_triangles
D:10:     minmay_lair_entry_lava
D:11:     orc_0_dummy
D:12:     evilmike_diamond_1
D:13:     grunt_vaults_entry_fortified, lab_entry_generic, uniq_maud,
          uniq_erolcha, uniq_maurice
D:14:     serial_shops, nicolae_shop_behind_doors, kennysheep_nondescript
D:15:     gammafunk_depths_entry_grave, special_room, roderic_roman_lattice,
          enter_trove_3, uniq_sonja
Lair:1:   grunt_megastairs_2
Lair:2:   kb_xom_exploding_sheep
Lair:3:   swamp_mist, kennysheep_snail_temple, lemuel_fruit_tree, uniq_nergalle
Lair:4:   spider_nest_entry_funnel_web, grunt_megastairs_3,
          infiniplex_staircase_pool
Lair:6:   nicolae_volcano_entry_s_turn, grunt_forest_large_clearings,
          grunt_megastairs_4
Lair:7:   serial_bayou_lagoon_b
Lair:8:   hangedman_lair_in_review, wormcave, slime_dummy
Swamp:1:  wheals_swamp_sinkhole, swamp_pool1, st_shrine_of_shade
Swamp:2:  evilmike_swamp_ruin_house_5, uniq_louise
Swamp:3:  evilmike_swamp_ruin_house_2
Swamp:4:  grunt_swamp_rune_castle
Spider:1: spider_trap, guppyfry_spider_mini_3, uniq_frances
Spider:4: grunt_spider_rune_circles
Slime:6:  uniq_dissolution
Orc:2:    basic_altar, serial_shops, shop, abandoned_shop
Orc:3:    minmay_goldmine, serial_shops, shop, nicolae_orc_pool_cavern
Orc:4:    grunt_orc_gardens, grunt_orc_garden, grunt_orc_garden,
          grunt_orc_garden, grunt_orc_garden
Elf:1:    elf_arrival_001, serial_shops, nicolae_shop_statue_plus,
          minmay_elf_sorcery
Elf:3:    grunt_elf_hall_spiral, serial_shops, shop
Vaults:1: v_misc_13, nicolae_vaults_yaktaur_gun_rack, grunt_vaults_trifunnel,
          grunt_vaults_twisty, v_misc_30, v_misc_18, vaults_mumra_lcd,
          vaults_room_ringed_pool, v_misc_9
Vaults:2: v_misc_16, v_alt_pattern_6, st_greater_box_3, vaults_dpeg_spiral,
          nicolae_vaults_little_squares_2, grunt_vaults_diagonal,
          ontoclasm_vaults_fault
Vaults:3: vaults_dpeg_ring, vaults_room_door_ring, hangedman_vaults_unwind,
          nicolae_vaults_display_case, vaults_room_boxed,
          nicolae_vaults_triangles, minmay_crypt_entry_simple_corners,
          vaults_standard_mumra_lines, v_misc_25, ontoclasm_vaults_ring_large,
          vaults_room_corners, hangedman_vaults_slice, uniq_jory
Vaults:4: st_greater_box_5, vaults_room_grid,
          nicolae_vaults_windows_and_doors_thing, v_rooms_3,
          vaults_mumra_minichess, v_rooms_6, ontoclasm_vaults_ligature,
          nicolae_vaults_big_ls, v_pattern_3, vaults_dpeg_encased_lava,
          serial_shops, shop, shop_fountains, nicolae_shop_overgrown_old_shop,
          shop, nicolae_shop_stone, basic_altar, uniq_sojobo
Vaults:5: uniq_mennas
Crypt:1:  serial_sigils, serial_sigils_hangedman_scratch,
          serial_sigils_hangedman_etch, serial_sigils_hangedman_snap,
          serial_sigils_hangedman_carve, serial_sigils_hangedman_gnaw,
          grunt_ministairs_5
Crypt:2:  uniq_frederick
Crypt:3:  evilmike_haunted_forest
Tomb:2:   uniq_khufu, uniq_jorgrun, uniq_boris
Depths:1: lightli_enter_wizlab_magi_temple, pf_hell_entry_tar_river,
          st_stairs_13, minmay_tree_intersection, minmay_misc_feat_hallway,
          grunt_absolute_annihilation
Depths:2: wad_mega_maze, hangedman_coc_ice_floe, ashenzari_altar_1,
          minmay_hedge_maze, minmay_staircase_bubble
Depths:3: minmay_skeleton_keep, enter_ziggurat_b, grunt_pan_entry_sceptre,
          bh_walls_and_bars, hell_entry, kennysheep_nub, uniq_enchantress,
          uniq_aizul, uniq_saint_roka
Depths:4: minmay_tri_box, minmay_misc_feat_x, minmay_room_of_horrors,
          hell_entry, serial_shops, shop
Depths:5: grunt_zot_entry_gee_three, hell_entry, serial_bayou_pond_b,
          abyss_entry
Zot:1:    lemuel_draconian_sentries_small
Zot:2:    bh_zot_levy_curve
Zot:4:    hangedman_zot_decor_unnerving_road
Zot:5:    basic_altar
Lab:      nicolae_lab_dead_adventurers, nicolae_lab_plus, nicolae_lab_dead_end
Trove:    trove_jewellery_lava
Volcano:  volcano_grotto
WizLab:   wizlab_demon

Action                   |  1- 3 |  4- 6 |  7- 9 | 10-12 | 13-15 | 16-18 | 19-21 | 22-24 | 25-27 || total
-------------------------+-------+-------+-------+-------+-------+-------+-------+-------+-------++-------
Melee: Mace              |    56 |       |       |       |       |       |       |       |       ||    56
       Whip              |    87 |   146 |   421 |   165 |       |       |       |       |       ||   819
       Falchion          |       |    13 |       |       |       |       |       |       |       ||    13
       Morningstar       |       |       |       |   909 |  1505 |       |       |       |       ||  2414
       Flail             |       |       |       |       |   301 |  1487 |       |    40 |   809 ||  2637
       Demon whip        |       |       |       |       |       |   321 |  2042 |  2825 |  5306 || 10494
Invok: Berserk           |       |     2 |     5 |     4 |    11 |    11 |     2 |     8 |    21 ||    64
       Brothers in Arms  |       |     1 |       |       |       |     5 |     1 |     1 |     2 ||    10
       Burn Spellbooks   |       |       |       |     3 |     6 |     5 |     7 |     8 |    14 ||    43
       Trog's Hand       |       |       |       |       |       |     1 |     2 |     5 |    12 ||    20
 Abil: Fly               |       |       |       |       |       |     4 |       |       |     1 ||     5
       Stop Flying       |       |       |       |       |       |       |       |       |     1 ||     1
Evoke: Deck              |       |       |       |       |       |     2 |     6 |       |       ||     8
       Wand              |       |       |       |       |       |       |       |     9 |     8 ||    17
       Rod               |       |       |       |       |       |       |       |       |    23 ||    23
  Use: Scroll            |     6 |     4 |     2 |    20 |     6 |     3 |     7 |    14 |    48 ||   110
       Potion            |       |       |       |     1 |       |     4 |     2 |     1 |    11 ||    19
 Stab: Distracted        |       |       |       |       |       |     1 |       |       |     1 ||     2
  Eat: Chunk             |     2 |     7 |    23 |    21 |    58 |    35 |    40 |    16 |    67 ||   269
       Fruit             |       |       |       |     2 |       |       |       |     1 |     9 ||    12
       Pizza             |       |       |       |     1 |     1 |     2 |       |       |     1 ||     5
       Bread ration      |       |       |       |     1 |     2 |     2 |       |     7 |     6 ||    18
       Meat ration       |       |       |       |       |     1 |     2 |       |     2 |     6 ||    11
       Beef jerky        |       |       |       |       |       |       |       |     2 |     4 ||     6
